AoeStats
← Tosti133

Pilgrims

510272301Analyzed
4v4 RM · 17h ago on Sep 30, 2026· 30m 57s· 8 players
Game mode
Random Map
Map size
Large (8 player)
Population
200
Speed
Normal
Resources
Standard
Victory
Conquest
Starting age
Dark Age
Ending age
Imperial Age
RankedLock teamsTeams togetherTeam positionsShared explorationLock speedFull tech treeHidden civsTurbo modeCheats
Victory
Defeat
🇨🇳 Persians · China
826
+7
🇨🇴 Franks · Colombia
705
+10
🇨🇱 Japanese · Chile
643
+13
🇵🇱 Maya · Poland
497
+18
🇨🇳 Mongols · China
628
-14
🇩🇪 Teutons · Germany
571
-12
🇹🇼 Dravidians · Taiwan
570
-12
🇭🇰 Goths · Hong Kong SAR China
525
-10
songshu512
23:39 Feudal Age
23:46 Feudal Age
tobhaeg
4:23 Loom
16:35 Feudal Age
25:39 Castle Age
Good night
8:47 Loom
15:03 Feudal Age
23:38 Castle Age
23:26 Padded Archer Armor
23:17 Fletching
24:58 Squires
allenchien1968
5:22 Loom
16:35 Feudal Age
18:37 Scale Mail Armor
18:31 Fletching
18:42 Padded Archer Armor
19:46 Fishing Lines
20:04 Double-Bit Axe
20:05 Horse Collar
24:03 Castle Age
23:48 Forging
24:49 Bodkin Arrow
25:03 Elite Skirmisher
25:05 Crossbowman
25:11 Crossbowman
27:22 Bow Saw
27:51 Heavy Plow
28:27 Pikeman
28:53 Gambesons
28:54 Arson
Mapuche Mayer
3:58 Loom
12:07 Feudal Age
13:51 Wheelbarrow
13:12 Double-Bit Axe
13:18 Gold Mining
15:08 Town Watch
15:51 Forging
18:13 Castle Age
16:03 Fishing Lines
16:25 Stone Mining
19:43 Town Patrol
20:10 Gillnets
20:38 Bow Saw
23:19 Fletching
24:22 Guard Tower
24:53 Ballistics
25:22 Hand Cart
26:15 Gold Shaft Mining
28:31 Imperial Age
26:29 Yasama
26:27 Bodkin Arrow
26:33 Padded Archer Armor
26:58 Ballistics
28:44 Treadmill Crane
29:15 Masonry
29:53 Keep
29:04 Arrowslits
30:19 Chemistry
29:22 Bracer
29:44 Conscription
30:45 Iron Casting
30:11 Scale Mail Armor
30:34 Siege Engineers
32:34 Blast Furnace
Tosti133
19:18 Feudal Age
20:34 Wheelbarrow
22:26 Fishing Lines
26:23 Double-Bit Axe
26:20 Horse Collar
26:47 Stone Mining
26:48 Gold Mining
29:23 Padded Archer Armor
29:24 Scale Mail Armor
Jaguar_gaming
5:02 Loom
12:51 Feudal Age
14:19 Wheelbarrow
15:19 Man-at-Arms
16:35 Arson
20:45 Gold Mining
22:04 Town Watch
28:59 Castle Age
28:10 Stone Mining
30:42 Hand Cart
31:17 Forging
30:58 Fletching
31:08 Padded Archer Armor
31:08 Scale Mail Armor
观音的害怕
14:43 Feudal Age
14:49 Feudal Age
19:00 Castle Age
17:23 Double-Bit Axe
17:24 Horse Collar
21:12 Bow Saw
21:04 Heavy Plow
28:23 Imperial Age
26:39 Wheelbarrow
27:16 Forging
27:12 Scale Barding Armor
27:56 Hand Cart
30:53 Gold Mining
Connection lost

Rejoining the realm…

Still unreachable

The connection could not be restored.

Session expired

The server has moved on; the page needs a fresh start.